 Dungeon Crawl Stone Soup version 0.28.0-45-g0d030f2227 (webtiles) character file.

Game seed: 8531162606576301237

99 zeratav the Insei (level 4, 0/29 HPs)
             Began as an Octopode Transmuter on Apr 10, 2022.
             Killed from afar by a dart slug (5 damage)
             ... with a slug dart
             ... on level 2 of the Dungeon.
             The game lasted 00:03:56 (2241 turns).

zeratav the Insei (Octopode Transmuter)             Turns: 2241, Time: 00:03:56

Health: 0/29       AC:  1    Str:  9    XL:     4   Next: 72%
Magic:  7/7        EV: 13    Int: 15    God:
Gold:   29         SH:  0    Dex: 14    Spells: 3/7 levels left

rFire   . . .      SeeInvis .     - Unarmed
rCold   + . .      Faith    .   (no shield)
rNeg    . . .      Spirit   .   (helmet restricted)
rPois   .          Reflect  .   (no amulet)
rElec   .          Harm     .   c - ring of willpower
rCorr   .          Rampage  .   e - ring of protection from cold
Will    +....                   (no ring)
Stlth   +++.......              (no ring)
HPRegen 0.09/turn               (no ring)
MPRegen 0.10/turn               (no ring)
                                (no ring)
                                (no ring)

@: no status effects
A: almost no armour, amphibious, 8 rings, camouflage 1, gelatinous body 1,
(nimble swimmer 1), tentacles
a: no special abilities


You were on level 2 of the Dungeon.
You visited 1 branch of the dungeon, and saw 2 of its levels.

You collected 29 gold pieces.


Innate Abilities, Weirdness & Mutations

You cannot wear most types of armour.
You are amphibious.
You can wear up to eight rings at the same time.
Your skin changes colour to match your surroundings (Stealth+).
Your rubbery body absorbs attacks. (AC +1, EV +1)
((You are camouflaged when in or above water. (Stealth+)))
You have tentacles for arms and can constrict up to eight enemies at once.


   Skills:
 + Level 2.0 Fighting
 + Level 2.7 Dodging
 + Level 2.4 Stealth
 * Level 4.0 Unarmed Combat
 - Level 2.0 Spellcasting
 - Level 2.0 Transmutations


You had 3 spell levels left.
You knew the following spells:

 Your Spells              Type           Power      Damage    Failure   Level
a - Beastly Appendage     Tmut           14%        N/A       10%         1
b - Spider Form           Tmut/Pois      4%         N/A       41%         3

Your spell library contained the following spells:

 Spells                   Type           Power      Damage    Failure   Level
 Wereblood                Tmut           7%         N/A       14%         2
 Corpse Rot               Necr/Air       2%         N/A       32%         2
 Poisonous Vapours        Pois/Air       2%         N/A       32%         2
 Sublimation of Blood     Necr           1%         N/A       32%         2
 Ice Form                 Ice/Tmut       4%         N/A       82%         4
 Summon Hydra             Summ           0%         N/A       100%        7

Inventory:

Jewellery
 c - a ring of willpower (left tentacle)
   (You found it on level 1 of the Dungeon)
 e - a ring of protection from cold (right tentacle)
   (You found it on level 1 of the Dungeon)
Scrolls
 a - a scroll of teleportation {unknown}
 d - a scroll of enchant weapon {unknown}
Potions
 b - a potion of heal wounds {unknown}
 f - a potion of degeneration {unknown}

Dungeon Overview and Level Annotations

Branches:
Dungeon (2/15)

Altars:

# #...# . #..# #
#######...# ##. ...#### #
#.........# #.. .......
####.######### #.#
....... #....## #.##
....... .###..# #!.
....... ##.## ###
#.###)......
##.####.######...........
#.......##.@w...........
#.##.....#.##.##..#.####
#.....).....##....#..#
#..###.....######.###.#
)..# ##...## .## #.# ###.
#.....# # ## #. #.....# .
#.....# #.....#


You could see a dart slug.


Message History

No target in view!
No target in view!
No target in view!
No target in view!
No target in view!
No target in view!
No target in view!
No target in view!
Your tentacle spike disappears.
An endoplasm comes into view.
HP[+2] MP[+1]
Your hp is fully restored (29).
Your mp is fully restored (7).
You miscast Beastly Appendage.
You are very lightly contaminated with residual magic.
Nothing appears to happen.
MP[-1]
You lost 1 mp, and now have 6/7 mp.
An endoplasm is nearby!
A hobgoblin comes into view.
A kobold and an adder come into view.
The kobold shouts!
The endoplasm quivers.
A dart slug comes into view.
The kobold misses you.
The hobgoblin shouts!
You tentacle-slap the kobold but do no damage.
You grab the kobold.
You constrict the kobold, but do no damage.
You hear an angry hiss.
The kobold misses you. The hobgoblin hits you.
HP[-5]
You take 5 damage, and now have 24/29 hp.
You tentacle-slap the kobold but do no damage.
You squeeze the kobold.
You kill the kobold!
The endoplasm hits you but does no damage.
The hobgoblin closely misses you.
Your magical contamination has completely faded away.
Your Unarmed Combat skill increases to level 4!
You tentacle-slap the adder. Your grab misses the adder.
Your squeeze misses the adder. The adder closely misses you.
The endoplasm hits you. The adder bites you. The hobgoblin hits you.
HP[-7]
You take 7 damage, and now have 17/29 hp.
MASSIVE DAMAGE!! (PAUSE)
You barely miss the adder. Your grab misses the adder.
Your squeeze misses the adder. The endoplasm freezes you.
You are frozen.
You resist. The adder bites you but does no damage.
You barely miss the adder. You grab the adder. You squeeze the adder!
You kill the adder!
The hobgoblin closely misses you. The endoplasm closely misses you.
MP[+1]
Your mp is fully restored (7).
You tentacle-slap the endoplasm. You squeeze the endoplasm.
You kill the endoplasm!
The hobgoblin hits you.
* * * LOW HITPOINT WARNING * * *
You barely miss the hobgoblin. Your grab misses the hobgoblin.
The hobgoblin barely misses you.
HP[-3]
You take 3 damage, and now have 14/29 hp.
You tentacle-slap the dart slug. You grab the dart slug.
You constrict the dart slug, but do no damage.
The hobgoblin hits you.
* * * LOW HITPOINT WARNING * * *
The dart slug launches a dart at you. The slug dart hits you.
* * * LOW HITPOINT WARNING * * *
You are too injured to fight recklessly!
You are too injured to fight recklessly!
HP[-8]
You take 8 damage, and now have 6/29 hp.
MASSIVE DAMAGE!! (PAUSE)
You are too injured to fight recklessly!
You are too injured to fight recklessly!
You are too injured to fight recklessly!
You are too injured to fight recklessly!
You are too injured to fight recklessly!
You are too injured to fight recklessly!
You are too injured to fight recklessly!
You are too injured to fight recklessly!
You are too injured to fight recklessly!
You release your grip on the dart slug.
HP[+1]
The hobgoblin hits you.
* * * LOW HITPOINT WARNING * * *
HP[-2]
You take 2 damage, and now have 5/29 hp.
You tentacle-slap the hobgoblin. You grab the hobgoblin.
You constrict the hobgoblin.
You tentacle-slap the hobgoblin but do no damage.
You tentacle-slap the hobgoblin.
You kill the hobgoblin!
The dart slug misses you.
You tentacle-slap the dart slug. You grab the dart slug.
You constrict the dart slug. The dart slug launches a dart at you.
The slug dart hits you.
You die...

Skill      XL: |  1  2  3  4 |
---------------+-------------+-----
Stealth        | 1 2 |  2.4
Fighting       | 2 |  2.0
Unarmed Combat | 4 |  4.0
Dodging        | |  2.7
Spellcasting   | |  2.0
Transmutations | |  2.0

Action                   |  1- 3 |  4- 6 || total
-------------------------+-------+-------++-------
Melee: Unarmed           |    88 |    31 ||   119
       Tentacles         |    13 |     8 ||    21
       Constrict         |    27 |    11 ||    38
       Kick              |    22 |     5 ||    27
       Punch             |     6 |     1 ||     7
 Cast: Beastly Appendage |    24 |     9 ||    33
 Stab: Sleeping          |     9 |     4 ||    13
Armor: Skin              |     5 |     2 ||     7
Dodge: Dodged            |    51 |    11 ||    62

Levels and vault maps discovered:
D:1:      lemuel_arrival_lava_pool, layout_basic,
          hellmonk_ecumenical_altar_run_dry, minmay_worlds_worst_comb
D:2:      layout_loops_cross, uniq_terence

Notes
Turn   | Place    | Note
-------+----------+-------------------------------------------
     0 | D:1      | zeratav the Octopode Transmuter began the quest for the
                  | Orb.
     0 | D:1      | Reached XP level 1. HP: 13/13 MP: 3/3
     0 | D:1      | magus.rc [v1.9.6]
    58 | D:1      | Reached XP level 2. HP: 10/18 MP: 3/5
    65 | D:1      | Reached skill level 1 in Stealth
    85 | D:1      | HP: 2/18 [kobold/+0 club (4)]
   548 | D:1      | You pick up a book of Vapours and begin reading...
   548 | D:1      | You add the spells Poisonous Vapours and Corpse Rot to your
                  | library.
   794 | D:1      | Reached XP level 3. HP: 23/23 MP: 4/6
   963 | D:1      | Found a faded altar of an unknown god.
  1106 | D:1      | You pick up a book of Blood and begin reading...
  1106 | D:1      | You add the spells Sublimation of Blood and Summon Hydra to
                  | your library.
  1601 | D:2      | Noticed Terence
  1613 | D:2      | Killed Terence
  1614 | D:2      | Reached skill level 2 in Stealth
  1614 | D:2      | Reached XP level 4. HP: 16/29 MP: 7/7
  1907 | D:2      | Learned a level 3 spell: Spider Form
  2196 | D:2      | Reached skill level 2 in Fighting
  2226 | D:2      | Reached skill level 4 in Unarmed Combat
  2231 | D:2      | HP: 6/29 [dart slug/slug dart (5)]
  2237 | D:2      | HP: 5/29 [hobgoblin (2)]
  2241 | D:2      | Killed from afar by a dart slug

Vanquished Creatures
  Terence (D:2)
  An adder (D:2)
  2 dart slugs
  4 ball pythons
  4 endoplasms
  6 giant cockroaches (D:1)
  6 goblins
  6 hobgoblins
  4 jackals (D:1)
  A quokka (D:1)
  9 bats
  2 frilled lizards
  7 kobolds
  3 rats
56 creatures vanquished.

Table legend:
 A = Non-vault XP
 B = Vault XP
 C = Vault XP percentage of total XP
 D = Non-vault monster count
 E = Vault monster count
 F = Vault count percentage of total count
                 A         B        C        D         E       F
            +---------+---------+-------+---------+---------+-------
      Total |     102 |      40 |  28.2 |      51 |       5 |   8.9
            +---------+---------+-------+---------+---------+-------
        D:1 |      61 |       8 |  11.6 |      35 |       4 |  10.3
        D:2 |      41 |      32 |  43.8 |      16 |       1 |   5.9
            +---------+---------+-------+---------+---------+-------

Illustrated notes

Table legend:
 A = Kills in this place as a percentage of kills in entire the game.
 B = Kills by you in this place as a percentage of kills by you in the entire game.
 C = Kills by friends in this place as a percentage of kills by friends in the entire game.
 D = Other kills in this place as a percentage of other kills in the entire game.
 E = Experience gained in this place as a percentage of experience gained in the entire game.
 F = Experience gained in this place divided by the number of levels of this place that you have seen.
                   A       B       C       D       E      F
               +-------+-------+-------+-------+-------+----------------------
         Total | 100.0 | 100.0 |   N/A |   N/A | 100.0 |  71.0
       Dungeon | 100.0 | 100.0 |   N/A |   N/A | 100.0 |  71.0
               +-------+-------+-------+-------+-------+----------------------

Table legend: (Time is in decaauts)
 A = Elapsed time spent in this place.
 B = Non-inter-level travel time spent in this place.
 C = Inter-level travel time spent in this place.
 D = Time resting spent in this place.
 E = Time spent auto-exploring this place.
 F = Levels seen in this place.
 G = Mean time per level.
                   A        B        C        D        E       F      G
               +--------+--------+--------+--------+--------+-----+--------+
         Total |   2231 |   2218 |     13 |    236 |   1619 |   2 | 1115.5 |
       Dungeon |   2231 |   2218 |     13 |    236 |   1619 |   2 | 1115.5 |
               +--------+--------+--------+--------+--------+-----+--------+

Top non-repeatable levels by time:
     D:1: 1576 daAuts
     D:2: 655 daAuts
